| TOP OF THE 1ST |
|
Bluefield Blue Jays batting - Pitching for Detroit (APP) Tigers : RHP Dave Valdez
|
|
Pitching: RHP Dave Valdez
|
|
|
Batting: RHB Tokuji Kawabata
|
0-0: Ball 1-0: Called Strike 1-1: Fly out, F3 (Flyball, 3D, EV 81.2 MPH)
|
|
Batting: RHB Jose Ontiveros
|
0-0: Ball 1-0: Foul Ball, location: 2F 1-1: Ball 2-1: Foul Ball, location: 2F 2-2: Ground out 6-3 (Groundball, 56, EV 109.4 MPH)
|
|
Batting: LHB Cesar Arteaga
|
0-0: Ball 1-0: Ball 2-0: Ball 3-0: Base on Balls
|
|
Batting: SHB Jack Andrews
|
0-0: Ball 1-0: Foul Ball, location: 2F 1-1: Ball 2-1: Foul Ball, location: 2F 2-2: Ball Cesar Arteaga steals 2nd base 3-2: Strikes out swinging
|
| Top of the 1st over - 0 runs, 0 hits, 0 errors, 1 left on base; Bluefield 0 - Detroit (APP) 0 |
| BOTTOM OF THE 1ST |
|
Detroit (APP) Tigers batting - Pitching for Bluefield Blue Jays : LHP Jon Moore
|
|
Pitching: LHP Jon Moore
|
|
|
Batting: LHB Bill Ford
|
0-0: Called Strike 0-1: Ball 1-1: Ball 2-1: Called Strike 2-2: Strikes out swinging
|
|
Batting: RHB Jon Goldstein
|
0-0: Called Strike 0-1: Swinging Strike 0-2: Foul Ball, location: 2F 0-2: Strikes out swinging
|
|
Batting: SHB Sean Foley
|
0-0: Ball 1-0: Called Strike 1-1: Swinging Strike 1-2: Ball 2-2: Ball 3-2: Strikes out swinging
|
| Bottom of the 1st over - 0 runs, 0 hits, 0 errors, 0 left on base; Bluefield 0 - Detroit (APP) 0 |
| TOP OF THE 2ND |
|
Bluefield Blue Jays batting - Pitching for Detroit (APP) Tigers : RHP Dave Valdez
|
|
Batting: SHB Ryan Chicoine
|
0-0: Ball 1-0: Ball 2-0: Ball 3-0: Base on Balls
|
|
Batting: RHB Mike Johnson
|
0-0: Ball 1-0: Fly out, F5 (Line Drive, 5, EV 61.9 MPH)
|
|
Batting: LHB Eddie Muniz
|
0-0: Called Strike Ryan Chicoine steals 2nd, throwing error, E2 Ryan Chicoine to third 0-1: DOUBLE (Groundball, 3L, EV 105.0 MPH) Ryan Chicoine scores
|
|
Batting: RHB Chris Martin
|
0-0: Ball 1-0: Called Strike 1-1: DOUBLE (Line Drive, 7LS, EV 87.5 MPH) Eddie Muniz scores
|
|
Batting: RHB Ed Swafford
|
0-0: Called Strike 0-1: Ball 1-1: Ball 2-1: Foul Ball, location: 2F 2-2: Foul Ball, location: 2F 2-2: Fly out, F9 (Flyball, 9, EV 85.6 MPH)
|
|
Batting: RHB Tokuji Kawabata
|
0-0: DOUBLE (Flyball, 89D, EV 98.8 MPH) Chris Martin scores
|
|
Batting: RHB Jose Ontiveros
|
0-0: Ground out 5-3 (Groundball, 56, EV 82.5 MPH)
|
| Top of the 2nd over - 3 runs, 3 hits, 1 error, 1 left on base; Bluefield 3 - Detroit (APP) 0 |
| BOTTOM OF THE 2ND |
|
Detroit (APP) Tigers batting - Pitching for Bluefield Blue Jays : LHP Jon Moore
|
|
Batting: SHB Ross Holland
|
0-0: Ball 1-0: Foul Ball, location: 2F 1-1: Foul Ball, location: 2F 1-2: Strikes out swinging
|
|
Batting: RHB Adam MacConnell
|
0-0: Ball 1-0: Ground out 6-3 (Groundball, 6S, EV 72.5 MPH)
|
|
Batting: RHB Jose Evangelista
|
0-0: Ball 1-0: Called Strike 1-1: Ball 2-1: Swinging Strike 2-2: Foul Ball, location: 2F 2-2: Ball 3-2: Foul Ball, location: 2F 3-2: Strikes out swinging
|
| Bottom of the 2nd over - 0 runs, 0 hits, 0 errors, 0 left on base; Bluefield 3 - Detroit (APP) 0 |
| TOP OF THE 3RD |
|
Bluefield Blue Jays batting - Pitching for Detroit (APP) Tigers : RHP Dave Valdez
|
|
Batting: LHB Cesar Arteaga
|
0-0: Ball 1-0: Fly out, F8 (Flyball, 89D, EV 105.6 MPH)
|
|
Batting: SHB Jack Andrews
|
0-0: Ball 1-0: Fly out, F8 (Flyball, 8LM, EV 78.1 MPH)
|
|
Batting: SHB Ryan Chicoine
|
0-0: Ball 1-0: Ball 2-0: Swinging Strike 2-1: Swinging Strike 2-2: Foul Ball, location: 2F 2-2: Foul Ball, location: 2F 2-2: Ball 3-2: Foul Ball, location: 2F 3-2: Base on Balls
|
|
Batting: RHB Mike Johnson
|
0-0: Ball Ryan Chicoine steals 2nd base (no throw) 1-0: Swinging Strike Passed Ball! Ryan Chicoine to third 1-1: Ground out 5-3 (Groundball, 56, EV 104.4 MPH)
|
| Top of the 3rd over - 0 runs, 0 hits, 0 errors, 1 left on base; Bluefield 3 - Detroit (APP) 0 |
| BOTTOM OF THE 3RD |
|
Detroit (APP) Tigers batting - Pitching for Bluefield Blue Jays : LHP Jon Moore
|
|
Batting: LHB Jon Pedlar
|
0-0: Ball 1-0: Swinging Strike 1-1: Swinging Strike 1-2: Ball 2-2: Strikes out looking
|
|
Batting: RHB Jamie Villagrana
|
0-0: Ball 1-0: Called Strike 1-1: Called Strike 1-2: Ball 2-2: Ball 3-2: Foul Ball, location: 2F 3-2: Foul Ball, location: 2F 3-2: Foul Ball, location: 2F 3-2: Strikes out swinging
|
|
Batting: LHB Tokugoro Adachi
|
0-0: Ball 1-0: Ball 2-0: Swinging Strike 2-1: Called Strike 2-2: Strikes out looking
|
| Bottom of the 3rd over - 0 runs, 0 hits, 0 errors, 0 left on base; Bluefield 3 - Detroit (APP) 0 |
| TOP OF THE 4TH |
|
Bluefield Blue Jays batting - Pitching for Detroit (APP) Tigers : RHP Dave Valdez
|
|
Batting: LHB Eddie Muniz
|
0-0: Called Strike 0-1: Ground out U3 (Groundball, 34S, EV 73.1 MPH)
|
|
Batting: RHB Chris Martin
|
0-0: Ball 1-0: Ball 2-0: Ball 3-0: Called Strike 3-1: Base on Balls
|
|
Batting: RHB Ed Swafford
|
Pickoff Throw to First - Error! E1 Chris Martin to second 0-0: Ground out 6-3 (Groundball, 6, EV 102.5 MPH)
|
|
Batting: RHB Tokuji Kawabata
|
0-0: Called Strike 0-1: Called Strike 0-2: Ball 1-2: Strikes out looking
|
| Top of the 4th over - 0 runs, 0 hits, 1 error, 1 left on base; Bluefield 3 - Detroit (APP) 0 |
| BOTTOM OF THE 4TH |
|
Detroit (APP) Tigers batting - Pitching for Bluefield Blue Jays : LHP Jon Moore
|
|
Batting: LHB Bill Ford
|
0-0: Ball 1-0: Foul Ball, location: 2F 1-1: Foul Ball, location: 2F 1-2: Ground out 4-3 (Groundball, 4M, EV 86.2 MPH)
|
|
Batting: RHB Jon Goldstein
|
0-0: Ball 1-0: Ball 2-0: Ball 3-0: Called Strike 3-1: Base on Balls
|
|
Batting: SHB Sean Foley
|
0-0: Ball Jon Goldstein is caught stealing 2nd base 2-4 1-0: Fly out, F4 (Popup, 4S, EV 69.4 MPH)
|
| Bottom of the 4th over - 0 runs, 0 hits, 0 errors, 0 left on base; Bluefield 3 - Detroit (APP) 0 |
| TOP OF THE 5TH |
|
Bluefield Blue Jays batting - Pitching for Detroit (APP) Tigers : RHP Dave Valdez
|
|
Batting: RHB Jose Ontiveros
|
0-0: Called Strike 0-1: Foul Ball, location: 2F 0-2: Ball 1-2: Ball 2-2: Foul Ball, location: 2F 2-2: Ball 3-2: Foul Ball, location: 2F 3-2: Foul Ball, location: 2F 3-2: Reached via error on a dropped throw from SS, E3 (Groundball, 6, EV 91.9 MPH)
|
|
Batting: LHB Cesar Arteaga
|
0-0: Ball Jose Ontiveros steals 2nd base 1-0: Called Strike 1-1: Swinging Strike 1-2: Ball 2-2: Ball 3-2: Foul Ball, location: 2F 3-2: Foul Ball, location: 2F 3-2: Fly out, F7 (Flyball, 7LM, EV 111.2 MPH)
|
|
Pitching: RHP Jerome Stady
|
|
|
Batting: SHB Jack Andrews
|
0-0: Ball 1-0: Ball 2-0: Called Strike 2-1: Foul Ball, location: 2F 2-2: Foul Ball, location: 2F 2-2: Strikes out swinging
|
|
Batting: SHB Ryan Chicoine
|
0-0: Ball 1-0: Fly out, F5 (Popup, 56, EV 55.6 MPH)
|
| Top of the 5th over - 0 runs, 0 hits, 1 error, 1 left on base; Bluefield 3 - Detroit (APP) 0 |
| BOTTOM OF THE 5TH |
|
Detroit (APP) Tigers batting - Pitching for Bluefield Blue Jays : LHP Jon Moore
|
|
Batting: SHB Ross Holland
|
0-0: Ball 1-0: Ball 2-0: Foul Ball, location: 2F 2-1: Foul Ball, location: 2F 2-2: Ball 3-2: Base on Balls
|
|
Batting: RHB Adam MacConnell
|
0-0: Ball Wild Pitch! Ross Holland to second 1-0: Ground out 5-3 (Groundball, 56S, EV 84.4 MPH)
|
|
Batting: RHB Jose Evangelista
|
0-0: Foul Ball, location: 2F 0-1: Fly out, F3 (Popup, 3SF, EV 77.5 MPH)
|
|
Batting: LHB Jon Pedlar
|
0-0: Called Strike 0-1: Called Strike 0-2: Ball 1-2: Ball 2-2: Ball 3-2: Ground out 5-3 (Groundball, 5, EV 82.5 MPH)
|
| Bottom of the 5th over - 0 runs, 0 hits, 0 errors, 1 left on base; Bluefield 3 - Detroit (APP) 0 |
| TOP OF THE 6TH |
|
Bluefield Blue Jays batting - Pitching for Detroit (APP) Tigers : RHP Jerome Stady
|
|
Batting: RHB Mike Johnson
|
0-0: Ball 1-0: Ball 2-0: Called Strike 2-1: Ground out 6-3 (Groundball, 6, EV 98.8 MPH)
|
|
Batting: LHB Eddie Muniz
|
0-0: Foul Ball, location: 2F 0-1: Ball 1-1: Ball 2-1: Ball 3-1: Base on Balls
|
|
Batting: RHB Chris Martin
|
0-0: Called Strike Eddie Muniz steals 2nd base 0-1: Ball 1-1: Called Strike 1-2: Ball 2-2: Foul Ball, location: 2F 2-2: Strikes out swinging
|
|
Batting: RHB Ed Swafford
|
0-0: Ball 1-0: Ball 2-0: DOUBLE (Flyball, 89XD, EV 108.1 MPH) Eddie Muniz scores
|
|
Batting: RHB Tokuji Kawabata
|
0-0: Ground out 6-3 (Groundball, 6, EV 100.0 MPH)
|
| Top of the 6th over - 1 run, 1 hit, 0 errors, 1 left on base; Bluefield 4 - Detroit (APP) 0 |
| BOTTOM OF THE 6TH |
|
Detroit (APP) Tigers batting - Pitching for Bluefield Blue Jays : LHP Jon Moore
|
|
Batting: RHB Jamie Villagrana
|
0-0: Called Strike 0-1: Ball 1-1: Ball 2-1: Ball 3-1: Base on Balls
|
|
Batting: LHB Tokugoro Adachi
|
0-0: Called Strike 0-1: Grounds into double play, 5-4-3 (Groundball, 6, EV 103.1 MPH)
|
|
Batting: LHB Bill Ford
|
0-0: Called Strike 0-1: Ball 1-1: DOUBLE (Groundball, 3L, EV 104.4 MPH)
|
|
Batting: RHB Jon Goldstein
|
0-0: Foul Ball, location: 2F 0-1: Foul Ball, location: 2F 0-2: Ball 1-2: Ball 2-2: Strikes out swinging
|
| Bottom of the 6th over - 0 runs, 1 hit, 0 errors, 1 left on base; Bluefield 4 - Detroit (APP) 0 |
| TOP OF THE 7TH |
|
Bluefield Blue Jays batting - Pitching for Detroit (APP) Tigers : RHP Jerome Stady
|
|
Pitching: RHP Scott King
|
|
|
Batting: RHB Jose Ontiveros
|
0-0: Ball 1-0: Fly out, F8 (Flyball, 78M, EV 81.9 MPH)
|
|
Batting: LHB Cesar Arteaga
|
0-0: Ball 1-0: Called Strike 1-1: Ball 2-1: Fly out, F7 (Flyball, 7S, EV 68.1 MPH)
|
|
Batting: SHB Jack Andrews
|
0-0: Ball 1-0: Foul Ball, location: 2F 1-1: Foul Ball, location: 2F 1-2: Foul Ball, location: 2F 1-2: Ball 2-2: Ball 3-2: Strikes out looking
|
| Top of the 7th over - 0 runs, 0 hits, 0 errors, 0 left on base; Bluefield 4 - Detroit (APP) 0 |
| BOTTOM OF THE 7TH |
|
Detroit (APP) Tigers batting - Pitching for Bluefield Blue Jays : LHP Jon Moore
|
|
Now at 1B: Braydon Pinsent
|
|
|
Batting: SHB Sean Foley
|
0-0: Called Strike 0-1: Ground out 4-3 (Groundball, 4, EV 77.5 MPH)
|
|
Batting: SHB Ross Holland
|
0-0: Called Strike 0-1: Ball 1-1: Ball 2-1: Swinging Strike 2-2: Foul Ball, location: 2F 2-2: Strikes out swinging
|
|
Batting: RHB Adam MacConnell
|
0-0: Called Strike 0-1: Foul Ball, location: 2F 0-2: Ball 1-2: Ball 2-2: Ball 3-2: SINGLE (Groundball, 34D, EV 103.8 MPH)
|
|
Pitching: RHP Jose Ramos
|
|
|
Batting: RHB Jose Evangelista
|
0-0: Ball 1-0: Fielders Choice at 2nd, 6-4 (Groundball, 6, EV 108.8 MPH)
|
| Bottom of the 7th over - 0 runs, 1 hit, 0 errors, 1 left on base; Bluefield 4 - Detroit (APP) 0 |
| TOP OF THE 8TH |
|
Bluefield Blue Jays batting - Pitching for Detroit (APP) Tigers : RHP Scott King
|
|
Pitching: LHP Josh Sinclair
|
|
|
Batting: SHB Ryan Chicoine
|
0-0: Swinging Strike 0-1: Ball 1-1: Ball 2-1: Ball 3-1: Called Strike 3-2: Base on Balls
|
|
Batting: RHB Mike Johnson
|
0-0: Ball 1-0: Foul Ball, location: 2F 1-1: Called Strike Ryan Chicoine steals 2nd base 1-2: Ball 2-2: Foul Ball, location: 2F 2-2: Ground out 6-3 (Groundball, 6, EV 97.5 MPH)
|
|
Batting: LHB Eddie Muniz
|
0-0: Called Strike 0-1: Ground out U3 (Groundball, 34, EV 86.2 MPH) Ryan Chicoine to third
|
|
Batting: RHB Chris Martin
|
0-0: Called Strike 0-1: Swinging Strike 0-2: Ball 1-2: Foul Ball, location: 2F 1-2: Foul Ball, location: 2F 1-2: Foul Ball, location: 2F 1-2: Ball 2-2: Ball 3-2: Base on Balls
|
|
Batting: RHB Ed Swafford
|
0-0: Ball 1-0: Called Strike 1-1: Foul Ball, location: 2F 1-2: SINGLE (Groundball, 6MD, EV 94.4 MPH) Ryan Chicoine scores Chris Martin to second Runner from 2nd tries for 3rd, SAFE, throw by CF made to third Ed Swafford to second
|
|
Batting: RHB Tokuji Kawabata
|
0-0: Foul Ball, location: 2F 0-1: Called Strike 0-2: Fly out, F4 (Line Drive, 4, EV 65.6 MPH)
|
| Top of the 8th over - 1 run, 1 hit, 0 errors, 2 left on base; Bluefield 5 - Detroit (APP) 0 |
| BOTTOM OF THE 8TH |
|
Detroit (APP) Tigers batting - Pitching for Bluefield Blue Jays : RHP Jose Ramos
|
|
Now in RF: Frank Nelson
|
|
|
Batting: LHB Jon Pedlar
|
0-0: Called Strike 0-1: Ball 1-1: Ground out 6-3 (Groundball, 6, EV 101.9 MPH)
|
|
Batting: RHB Jamie Villagrana
|
0-0: Ball 1-0: Ball 2-0: Ball 3-0: Called Strike 3-1: Foul Ball, location: 2F 3-2: Strikes out swinging
|
|
Batting: LHB Tokugoro Adachi
|
0-0: Ball 1-0: Swinging Strike 1-1: Foul Ball, location: 2F 1-2: Ball 2-2: Ball 3-2: Foul Ball, location: 2F 3-2: Strikes out swinging
|
| Bottom of the 8th over - 0 runs, 0 hits, 0 errors, 0 left on base; Bluefield 5 - Detroit (APP) 0 |
| TOP OF THE 9TH |
|
Bluefield Blue Jays batting - Pitching for Detroit (APP) Tigers : LHP Josh Sinclair
|
|
Pitching: RHP Kyle Moore
|
|
|
Batting: RHB Jose Ontiveros
|
0-0: Ball 1-0: Foul Ball, location: 2F 1-1: Called Strike 1-2: Ball 2-2: Ground out U3 (Groundball, 13, EV 82.5 MPH)
|
|
Batting: RHB Braydon Pinsent
|
0-0: Foul Ball, location: 2F 0-1: Foul Ball, location: 2F 0-2: Ball 1-2: Ground out U3 (Groundball, 3S, EV 90.0 MPH)
|
|
Batting: SHB Jack Andrews
|
0-0: Ball 1-0: SINGLE (Line Drive, 4M, EV 106.9 MPH)
|
|
Batting: SHB Ryan Chicoine
|
0-0: Called Strike 0-1: Ball 1-1: Ball 2-1: Called Strike 2-2: Ball 3-2: Base on Balls Jack Andrews to second
|
|
Batting: RHB Mike Johnson
|
0-0: Ball 1-0: SINGLE (Line Drive, 8LS, EV 95.0 MPH) Jack Andrews to third Ryan Chicoine to second Runner from 3rd tries for Home, SAFE, throw by CF to home
|
|
Batting: LHB Frank Nelson
|
0-0: Called Strike 0-1: Ball 1-1: Called Strike 1-2: Ball 2-2: Ball 3-2: Strikes out swinging
|
| Top of the 9th over - 1 run, 2 hits, 0 errors, 2 left on base; Bluefield 6 - Detroit (APP) 0 |
| BOTTOM OF THE 9TH |
|
Detroit (APP) Tigers batting - Pitching for Bluefield Blue Jays : RHP Jose Ramos
|
|
Batting: LHB Bill Ford
|
0-0: Called Strike 0-1: Swinging Strike 0-2: Ball 1-2: DOUBLE (Groundball, 3L, EV 106.9 MPH)
|
|
Batting: RHB Jon Goldstein
|
0-0: Called Strike 0-1: Ball 1-1: Called Strike 1-2: Strikes out swinging
|
|
Batting: SHB Sean Foley
|
0-0: Ball 1-0: Ball 2-0: Called Strike 2-1: Foul Ball, location: 2F 2-2: Strikes out swinging
|
|
Batting: SHB Ross Holland
|
0-0: Ground out 5-3 (Groundball, 56S, EV 80.6 MPH)
|
| Bottom of the 9th over - 0 runs, 1 hit, 0 errors, 1 left on base; Bluefield 6 - Detroit (APP) 0 |
|